 Dungeon Crawl Stone Soup version 0.30-b1-2-g02819fbbbe (webtiles) character file.

Game seed: 6958353017174568611

248 redmage the Digger (level 6, 0/45 HPs)
             Began as a Meteoran Earth Elementalist on July 26, 2023.
             Was an Initiate of Cheibriados.
             Slain by an ice beast (8 damage)
             ... on level 6 of the Dungeon.
             The game lasted 00:08:35 (725 turns).

redmage the Digger (Meteoran Earth Elementalist)     Turns: 725, Time: 00:08:36

Health: 0/45       AC:  4    Str: 11    XL:     6   Next: 61%
Magic:  0/13       EV: 12    Int: 20    God:    Cheibriados [......]
Gold:   167        SH:  0    Dex: 15    Spells: 3/13 levels left

rFire   . . .        (no weapon)
rCold   . . .        (no shield)
rNeg    . . .        a - +0 robe
rPois   .            j - +0 helmet
rElec   .            e - +0 cloak
rCorr   .            (no gloves)
SInv    .            (no boots)
Will    .....        (no amulet)
Stlth   +            (no ring)
HPRegen 0.27/turn    (no ring)
MPRegen 0.13/turn

%: no passive effects
@: very slightly contaminated, glowing, very slow
A: sense surroundings 1, otherworldly, glowing, explore regen
a: Renounce Religion


You were on level 6 of the Dungeon.
You worshipped Cheibriados.
Cheibriados was noncommittal.
You visited 1 branch of the dungeon, and saw 7 of its levels.

You collected 167 gold pieces.

Inventory:

Missiles
 c - 30 stones
 f - 2 boomerangs
Armour
 a - a +0 robe (worn)
 e - a +0 cloak (worn)
 j - a +0 helmet (worn)
Jewellery
 k - a ring of ice
Scrolls
 d - 2 scrolls of immolation {unknown}
 g - 2 scrolls of identify {unknown}
 h - 2 scrolls of teleportation {unknown}
 l - a scroll of enchant weapon {unknown}
Potions
 b - a potion of magic
 i - a potion of flight {unknown}


   Skills:
 - Level 2.4 Dodging
 - Level 1.4 Stealth
 + Level 0.4 Unarmed Combat
 + Level 4.0 Spellcasting
 * Level 3.0 Conjurations
 + Level 3.1 Transmutations
 * Level 5.7 Earth Magic


You had 3 spell levels left.
You knew the following spells:

 Your Spells              Type           Power      Damage    Failure   Level
a - Sandblast             Erth           54%        2d13      1%          1
b - Passwall              Tmut/Erth      17%        N/A       3%          2
c - Stone Arrow           Conj/Erth      42%        3d9       6%          3
d - Petrify               Tmut/Erth      21%        N/A       21%         4

Your spell library contained the following spells:

 Spells                   Type           Power      Damage    Failure   Level


Dungeon Overview and Level Annotations

Branches:
Dungeon (7/15) Zot: 5211
 Temple: D:4-7

Altars:
Cheibriados
Dithmenos
Fedhas
Kikubaaqudgha
Qazlal
Trog
Wu Jian

Annotations:
D:7 1 transporter, Pikel


Innate Abilities, Weirdness & Mutations

You passively map a small area around you.
You are easily found by Zot.
You glow in the dark.
You regain HP and MP as you explore.


Message History

The lemure hits you.
You continue meditating on the rock.
The orc barely misses you.
The orc wizard hits you with a +0 dagger.
The lemure hits you.
You finish merging with the rock.
Unknown command.
Unknown command.
Found an escape hatch in the ceiling.
An ice beast comes into view.
The ice beast hits you but does no damage.
Casting: Passwall (safe; 3% risk of failure)
Confirm with . or Enter, or press ? or * to list all spells.
Aiming: Stone Arrow (dangerous; 6% risk of failure)
Press: ? - help, Shift-Dir - straight line, f - ice beast
Aim: an ice beast (71% to hit)
You miscast Stone Arrow.
You are very lightly contaminated with residual magic.
Nothing appears to happen.
The ice beast hits you. The ice beast freezes you!
* * * LOW HITPOINT WARNING * * *
Casting: Stone Arrow (dangerous; 6% risk of failure)
Confirm with . or Enter, or press ? or * to list all spells.
Aiming: Stone Arrow (dangerous; 6% risk of failure)
Press: ? - help, Shift-Dir - straight line, f - ice beast
Aim: an ice beast (71% to hit)
You miscast Stone Arrow.
Nothing appears to happen.
The ice beast barely misses you.
Unknown command.
Unknown command.
Casting: Stone Arrow (dangerous; 6% risk of failure)
Confirm with . or Enter, or press ? or * to list all spells.
Aiming: Stone Arrow (dangerous; 6% risk of failure)
Press: ? - help, Shift-Dir - straight line, f/p - ice beast
Aim: an ice beast (71% to hit)
The stone arrow hits the ice beast!
The ice beast is moderately wounded.
The ice beast hits you.
* * * LOW HITPOINT WARNING * * *
The ice beast freezes you!
You die...

, #.####.##......# * #
#.##.####.# *** , *,
####.##.# #.# , *
#<......# #.# * , ,
####.#######.# *
.............# *
*########.######### *
.....<..Y############.
*
.......@..............
##############.#######
* #.# #.# #.# #.# *
##.## , ##### ,
###o###


You could see an ice beast.

Vanquished Creatures
  A scorpion (D:5)
  2 hounds
  An iguana (D:6)
  4 gnolls
  3 adders
  A white imp (D:7)
  An ufetubus (D:5)
  A worm (D:2)
  2 endoplasms
  3 hobgoblins
  2 kobolds
  A ball python (D:3)
  2 bats (D:1)
  A frilled lizard (D:3)
  4 rats
29 creatures vanquished.

Notes
Turn   | Place    | Note
-------+----------+-------------------------------------------
     0 | D:1      | redmage the Meteoran Earth Elementalist began the quest for
                  | the Orb.
     0 | D:1      | Reached XP level 1. HP: 14/14 MP: 5/5
    52 | D:1      | Reached XP level 2. HP: 20/20 MP: 0/6
   110 | D:1      | Reached skill level 4 in Earth Magic
   244 | D:2      | Reached XP level 3. HP: 17/26 MP: 5/8
   247 | D:2      | Reached XP level 4. HP: 23/33 MP: 2/10
   250 | D:2      | Learned a level 2 spell: Passwall
   254 | D:2      | Learned a level 3 spell: Stone Arrow
   367 | D:2      | Reached skill level 1 in Conjurations
   386 | D:2      | Found a faded altar of an unknown god.
   430 | D:2      | Reached skill level 5 in Earth Magic
   430 | D:2      | Reached XP level 5. HP: 38/38 MP: 2/11
   500 | D:5      | Entered Level 5 of the Dungeon
   532 | D:6      | Noticed a bullfrog
   532 | D:6      | Noticed a sky beast
   556 | D:5      | Reached XP level 6. HP: 9/45 MP: 0/12
   582 | D:5      | Found an ancient bone altar of Kikubaaqudgha.
   582 | D:5      | Found a blossoming altar of Fedhas.
   585 | D:5      | Found an ornate altar of the Wu Jian Council.
   589 | D:5      | Found a shadowy altar of Dithmenos.
   592 | D:5      | Found a bloodstained altar of Trog.
   594 | D:5      | Found a snail-covered altar of Cheibriados.
   599 | D:5      | Became a worshipper of Cheibriados the Contemplative
   645 | D:6      | Learned a level 4 spell: Petrify
   684 | D:6      | Found a stormy altar of Qazlal.
   701 | D:7      | Found a transporter.
   704 | D:7      | Noticed Pikel
   705 | D:7      | Noticed a shadow
   720 | D:6      | Noticed an ice beast
   725 | D:6      | Slain by an ice beast

Illustrated notes

Levels and vault maps discovered:
D:1:      dpeg_arrival_rooms_a, layout_basic, chequers_serial_rivers_small_b
D:2:      layout_loops_ring, hellmonk_ecumenical_altar_inner_sanctum,
          uniq_natasha
D:3:      layout_basic, uniq_ijyb
D:4:      minmay_evil_eye, layout_loops_ring, serial_forest,
          infiniplex_forest_clump_curved, infiniplex_forest_clump_small,
          infiniplex_forest_lined_ring, infiniplex_forest_end_1,
          infiniplex_forest_straight_5, infiniplex_forest_lined_2,
          infiniplex_forest_lined_room_3
D:5:      layout_basic, minitemple
D:6:      layout_basic, nicolae_overflow_hidden_temple,
          minmay_temple_entry_slanted, serial_glass, glass_columns_c,
          glass_columns_a, glass_columns_a, glass_columns_a, st_stairs_14,
          roderic_batcave
D:7:      layout_cave_pools, nzn_ghost_randoct, st_stairs_8,
          uniq_prince_ribbit1, uniq_pikel

Skill      XL: |  1  2  3  4  5  6 |
---------------+-------------------+-----
Spellcasting   | 3 4 |  4.0
Earth Magic    | 4 5 |  5.7
Transmutations | 2 3 |  3.1
Conjurations   | 1 2 3 |  3.0
Dodging        | |  2.4
Stealth        | |  1.4
Unarmed Combat | |  0.4

Action                     |  1- 3 |  4- 6 || total
---------------------------+-------+-------++-------
   Cast: Sandblast         |    20 |    24 ||    44
         Stone Arrow       |       |    14 ||    14
         Passwall          |       |     5 ||     5
    Use: Potion            |       |     1 ||     1
 Armour: Robe              |     1 |     2 ||     3
  Dodge: Dodged            |     8 |    19 ||    27
